 Dungeon Crawl Stone Soup version 0.17-a0-1011-gfa70bdd (webtiles) character file.

41592 l0ser140 the Covert (level 14, -1/127 HPs)
             Began as a Naga Warper on May 13, 2015.
             Was the Champion of Cheibriados.
             Slain by an orc warrior
             ... wielding a +0 trident
              (14 damage)
             ... on level 4 of the Orcish Mines.
             The game lasted 02:40:02 (29939 turns).

l0ser140 the Covert (Naga Warper)                  Turns: 29939, Time: 02:40:02

Health: -1/127     AC: 28    Str: 31    XL:     14   Next: 16%
Magic:  10/21      EV:  9    Int: 29    God:    Cheibriados [******]
Gold:   1237       SH:  0    Dex: 31    Spells: 4 memorised, 9 levels left

rFire  . . .     SeeInvis +     W - +7 great sword of Jopuis {flame, rPois}
rCold  + . .     Clarity  .     R - +1 chain mail {rC+}
rNeg   . . .     SustAb   .     (no shield)
rPois  +         Gourm    +     N - +1 helmet
rElec  .         Spirit   .     t - +2 cloak
rCorr  .         Warding  .     n - +0 pair of gloves
rMut   .         Stasis   .     Y - +2 naga barding
MR     +....                    s - amulet of the gourmand
Stlth  +++++.....               U - ring of stealth
                                A - +3 ring of dexterity

@: very slow, somewhat resistant to hostile enchantments, quite stealthy
A: see invisible, deformed body, poison resistance, slowness 2, slow metabolism
1, spit poison 2, constrict 1, AC +4
a: Spit Poison, Bend Time, Temporal Distortion, Slouch, Step From Time, Renounce
Religion


You were on level 4 of the Orcish Mines.
You worshipped Cheibriados.
Cheibriados was exalted by your worship.
You were not hungry.

You visited 4 branches of the dungeon, and saw 20 of its levels.
You also visited: Ice Cave.

You collected 2005 gold pieces.
You spent 768 gold pieces at shops.

Inventory:

Hand weapons
 h - a +0 shortbow
 I - a +2 hand crossbow of freezing
   (You bought it in a shop on level 3 of the Orcish Mines)
 S - a +0 battleaxe
 W - the +7 great sword of Jopuis (weapon) {flame, rPois}
   (You found it in an ice cave)

   It has been specially enchanted to burn those struck by it, causing extra
   injury to most foes and up to half again as much damage against particularly
   susceptible opponents.
   Big, fiery blades are also staple armaments of hydra-hunters.
   It protects you from poison.
Missiles
 d - 95 bolts
 e - 5 tomahawks of dispersal (quivered)
 p - 11 poisoned arrows
 w - a throwing net
 B - 13 poisoned bolts
 C - 9 arrows of frost
 J - 21 arrows of flame
 L - 213 arrows
 Z - 13 silver bolts
Armour
 a - a +1 chain mail of cold resistance
   (You took it off an orc priest on level 2 of the Orcish Mines)
 n - a +0 pair of gloves (worn)
 t - a +2 cloak (worn)
 N - a +1 helmet (worn)
 R - a +1 chain mail of cold resistance (worn)
   (You took it off an orc warrior on level 10 of the Dungeon)
 Y - a +2 naga barding (worn)
Jewellery
 s - an amulet of the gourmand (around neck)
   (You found it on level 1 of the Lair of Beasts)
 u - an uncursed ring of flight
   (You found it on level 12 of the Dungeon)
 A - a +3 ring of dexterity (left hand)
   (You found it on level 3 of the Dungeon)
 F - an uncursed ring of teleportation
   (You found it on level 1 of the Lair of Beasts)
 U - a ring of stealth (right hand)
   (You found it in an ice cave)
Magical devices
 E - a wand of teleportation (3)
 G - a wand of polymorph (13)
 K - a wand of frost (21)
 P - a wand of magic darts (36)
 T - a wand of flame (20)
Scrolls
 b - 6 scrolls of teleportation
 l - a scroll of magic mapping
 m - 2 scrolls of holy word
 o - a scroll of summoning
 v - 2 scrolls of fear
 x - 6 scrolls of remove curse
 H - 2 scrolls of fog
 M - a scroll of blinking
 Q - a scroll of silence
Potions
 g - a potion of ambrosia
 i - 5 potions of curing
 r - 2 potions of flight
 z - 3 potions of brilliance
 D - 3 potions of agility
 O - 2 potions of poison {unknown}
 V - a potion of berserk rage {unknown}
Books
 c - a book of Spatial Translocations

   Spells                             Type                      Level
   a - Apportation                    Translocation                1
   b - Blink                          Translocation                2
   c - Shroud of Golubria             Charms/Translocation         2
   d - Portal Projectile              Translocation                3
   e - Teleport Other                 Translocation                3
   f - Passage of Golubria            Translocation                4
 y - a book of Battle

   Spells                             Type                      Level
   a - Infusion                       Charms                       1
   b - Shroud of Golubria             Charms/Translocation         2
   c - Song of Slaying                Charms                       2
   d - Spectral Weapon                Hexes/Charms                 3
   e - Regeneration                   Charms/Necromancy            3
Miscellaneous
 X - a plain deck of wonders
Comestibles
 f - 13 bread rations
 j - 2 royal jellies
 k - 27 fruits
 q - 6 meat rations


   Skills:
 - Level 8.3 Fighting
 - Level 2.0 Long Blades
 - Level 3.8 Axes
 - Level 7.0 Bows
 - Level 0.8 Throwing
 - Level 10.7 Armour
 + Level 4.4 Dodging
 - Level 11.9 Stealth
   Level 5.4 Shields
 - Level 2.0 Spellcasting
 * Level 4.0 Charms
 - Level 7.1 Translocations
 - Level 9.7 Invocations
 * Level 5.1 Evocations


You had 9 spell levels left.
You knew the following spells:

 Your Spells              Type           Power        Failure   Level  Hunger
a - Portal Projectile     Tloc           #####.       6%          3    ###....
f - Apportation           Tloc           #####.....   1%          1    None
m - Repel Missiles        Chrm/Air       ##....       21%         2    ##.....
B - Blink                 Tloc           N/A          2%          2    ##.....


Dungeon Overview and Level Annotations

Branches:
Dungeon (12/15)            Temple (1/1) D:5            Lair (3/8) D:11
 Shoals (0/4) Lair:3          Orc (4/4) D:10
  Snake: Lair:3-6    Spider: Lair:3-6       Elf: Orc:3-4

Altars:
Ashenzari
Cheibriados
Dithmenos
Elyvilon
Fedhas
Gozag
Kikubaaqudgha
Makhleb
Nemelex Xobeh
Okawaru
Qazlal
Ru
Sif Muna
Trog
Vehumet
Xom
Yredelemnul
Zin
The Shining One
Beogh

Shops:
D:6 (:?!   Orc:2 *   Orc:3 [(:

Annotations:
D:7 exclusion: downstairs
D:8 Fluffy's ghost, experienced HOFi
Lair:1 1 exclusion


Innate Abilities, Weirdness & Mutations

You cannot wear boots.
Your serpentine skin is tough (AC +4).
You have supernaturally acute eyesight.
Armour fits poorly on your strangely shaped body.
Your system is resistant to poisons.
You cover ground very slowly.
You have a slow metabolism.
You can spit poison.
You can use your snake-like lower body to constrict enemies.


Message History

* * * LOW HITPOINT WARNING * * *
The orc warrior closely misses you.
The orc zombie hits you but does no damage.
Damage: -1%(-1hp) hp: 32%(40hp)
You barely miss the orc zombie. You grab the orc zombie.
You constrict the orc zombie!
The orc warrior hits you from afar with a trident.
* * * LOW HITPOINT WARNING * * *
The orc zombie closely misses you.
Damage: -4%(-5hp) hp: 28%(35hp)
You slash the orc zombie! You burn the orc zombie.
You constrict the orc zombie!
The orc warrior hits you but does no damage.
The orc zombie hits you but does no damage.
The orc warrior closely misses you.
Unknown command.
You release your grip on the orc zombie.
The orc zombie hits you but does no damage.
The orc warrior hits you but does no damage.
The orc zombie hits you but does no damage.
The orc warrior hits you with a trident!
* * * LOW HITPOINT WARNING * * *
Items here: & )) [[ a war axe; a chain mail; a long sword; a plate armour; an orc corpse Huge Dmg: -11%(-14hp) hp: 17%(21hp)
You hit the orc warrior but do no damage.
Your grab misses the orc warrior.
The orc warrior hits you with a trident!
* * * LOW HITPOINT WARNING * * *
The orc zombie hits you but does no damage. x2
Huge Dmg: -5%(-6hp) hp: 12%(15hp) Drink which item? (? for menu, Esc to quit)
You feel better.
The orc warrior hits you with a trident!
* * * LOW HITPOINT WARNING * * *
Huge Dmg: -8%(-10hp) hp: 4%(5hp) Drink which item? (? for menu, Esc to quit)
You feel better.
The orc warrior hits you with a trident.
* * * LOW HITPOINT WARNING * * *
The orc zombie hits you but does no damage.
Drink which item? (? for menu, Esc to quit)
Okay, then.
Read which item? (? for menu, Esc to quit)
Okay, then.
Casting: Blink
Confirm with . or Enter, or press ? or * to list all spells.
You blink.
The orc warrior hits you with a trident!
You die...

.#####.##....#.##...
#.##....###....
#.##.....).)..#
##.####...)[.#.. #
#..##......##...
.#o#
##.###......#.#.#
....o ##☺Z#
#..##.....##
#.....##o.##
#...##...## #).)N##
##.###...# ######
### ##.## ###


You could see an orc warrior and an orc zombie.

Vanquished Creatures
  7 hydras (Lair:1 Lair:2 Lair:3)
  Erolcha (Orc:1)
  2 orc high priests (Orc:4)
  The ghost of oplop the Frost Mage, an experienced DrIE (D:7)
  An unseen horror (D:10)
  An ice statue (IceCv)
  3 orc knights (Orc:2 Orc:4)
  3 hill giants (D:10 D:11)
  2 orc sorcerers (Orc:4)
  A cyclops (D:12)
  A sixfirhy (Orc:4)
  An ugly thing (D:11)
  2 centaur zombies (D:10)
  2 black mambas (Lair:1 Lair:2)
  7 spiny frogs (Lair:1 Lair:2 Lair:3)
  A gargoyle (D:9)
  5 trolls (D:8 D:10 D:11 Orc:3)
  2 komodo dragons (Lair:1 Lair:2)
  Prince Ribbit (Lair:2)
  12 blink frogs (Lair:1 Lair:2)
  2 two-headed ogres (D:9 D:10)
  A spriggan (D:9)
  A trapdoor spider (D:11)
  3 wyverns (D:10 D:11)
  3 basilisks (Lair:1)
  The ghost of DEFE the Chiller, an average MfIE (D:3)
  38 yaks (D:10 D:11 Lair:1 Lair:2)
  3 wargs (Orc:1 Orc:2 Orc:3)
  10 water moccasins (D:7 Lair:1 Lair:2 Lair:3)
  4 hippogriffs (D:7 Lair:2)
  9 porcupines (Lair:1 Lair:2 Lair:3)
  32 ice beasts (D:4 D:6 D:7 Lair:3 IceCv)
  6 sky beasts (D:6 D:5 D:9 D:10 D:11)
  19 orc warriors (D:3 D:6 D:10 D:7 D:9)
  8 ogres (D:4 D:5 D:10 D:11 Orc:1)
  A phantom (D:6)
  A wasp (D:11)
  4 centaurs (D:9 Lair:3)
  2 big kobolds (D:7 D:10)
  5 crocodiles (D:11 Lair:1 Lair:2 Lair:3)
  8 giant frogs (D:7 D:8 D:12 Lair:3)
  A gnoll sergeant (D:7)
  A wyvern zombie (D:8)
  7 scorpions (D:4 D:5 D:7 D:8 D:11)
  A wyvern skeleton (D:7)
  8 wights (D:7 D:8 D:9 D:10)
  15 killer bees (D:7 D:11)
  5 crimson imps (D:6 D:7 D:9)
  2 quasits (D:7 D:10)
  4 giant frog zombies (D:5 D:11 D:12)
  14 orc priests (D:4 D:6 D:7 Orc:2 Orc:3)
  6 jellies (D:6 D:8 D:10 D:11)
  23 orc wizards (D:4 D:5 D:6 D:8 D:9)
  Jessica (D:3)
  A centaur skeleton (D:7)
  8 hounds (D:5 D:6 D:9 D:10 D:11)
  2 giant frog skeletons (D:11)
  7 iguanas (D:8 Lair:1 Lair:2 Lair:3)
  A gnoll shaman (D:10)
  15 worker ants (D:4 D:5 D:6 D:7 D:9)
  A killer bee zombie (D:9)
  5 sheep (Lair:2)
  2 hound zombies (D:5 D:10)
  A hound skeleton (D:11)
  2 worker ant zombies (D:7 D:8)
  27 gnolls (D:1 D:2 D:3 D:7 D:10)
  20 adders (D:2 D:3 D:4 D:5 D:7)
  2 shadow imps (D:5 D:10)
  64 river rats (Lair:1 Lair:2 Lair:3)
  An adder zombie (D:5)
  An ooze (D:4)
  An adder skeleton (D:4)
  2 worms (D:2 D:3)
  2 giant geckos (D:7 D:11)
  141 orcs (D:4 D:5 D:3 D:6 D:7)
  19 bats (D:1 D:2 D:3 D:4 D:5)
  2 bat skeletons (D:4)
  A bat zombie (D:5)
  4 giant cockroaches (D:1 D:3 D:6)
  22 hobgoblins (D:1 D:2 D:5 D:6 D:7)
  12 jackals (D:4 D:5 D:3)
  9 quokkas (D:3 D:4 D:7 D:10)
  2 giant newts (D:1)
  18 goblins (D:1 D:2 D:5 D:4 D:6)
  26 kobolds (D:1 D:2 D:3 D:4 D:5)
  3 quokka skeletons (D:7 D:5)
  14 rats (D:1 D:2 D:5 D:6 D:7)
  A fungus (Lair:2)
  3 plants (Lair:2)
747 creatures vanquished.

Vanquished Creatures (others)
  A butterfly (IceCv)
  5 fungi (Lair:1 Lair:2)
  5 plants (Lair:2 Lair:3)
11 creatures vanquished.

Grand Total: 758 creatures vanquished

Notes
Turn   | Place    | Note
--------------------------------------------------------------
     0 | D:1      | l0ser140 the Naga Warper began the quest for the Orb.
     0 | D:1      | Reached XP level 1. HP: 19/19 MP: 3/3
    82 | D:1      | Huge Dmg: 6 Dmg
    91 | D:1      | Reached skill level 1 in Armour
   309 | D:1      | Huge Dmg: 5 Dmg
   310 | D:1      | Huge Dmg: 3 Dmg
   313 | D:1      | Huge Dmg: 9 Dmg
   313 | D:1      | Reached XP level 2. HP: 1/27 MP: 5/5
   953 | D:1      | Learned a level 2 spell: Blink
  1076 | D:1      | Reached XP level 3. HP: 33/33 MP: 6/6
  1243 | D:1      | Reached skill level 3 in Fighting
  1737 | D:2      | Huge Dmg: 7 Dmg
  1737 | D:2      | Reached skill level 2 in Armour
  1737 | D:2      | Reached XP level 4. HP: 17/42 MP: 7/7
  1741 | D:2      | Huge Dmg: 7 Dmg
  1744 | D:2      | Reached skill level 1 in Shields
  1786 | D:2      | Found a shattered altar of Ashenzari.
  2066 | D:2      | Found a glowing silver altar of Zin.
  2066 | D:2      | Found a white marble altar of Elyvilon.
  2348 | D:2      | Reached XP level 5. HP: 49/49 MP: 8/8
  2683 | D:3      | Noticed DEFE's ghost (average MfIE)
  2713 | D:4      | Reached skill level 3 in Armour
  2767 | D:5      | Entered Level 5 of the Dungeon
  3012 | D:4      | Reached skill level 2 in Shields
  3012 | D:4      | Reached XP level 6. HP: 51/56 MP: 9/9
  3071 | D:4      | Noticed an orc warrior
  3076 | D:4      | Huge Dmg: 14 Dmg
  3079 | D:4      | Huge Dmg: 17 Dmg
  3084 | D:4      | Huge Dmg: 9 Dmg
  3093 | D:4      | Huge Dmg: 10 Dmg
  3100 | D:4      | HP: 1/56 [orc warrior/long sword (16)]
  3101 | D:4      | Huge Dmg: 15 Dmg
  4305 | D:3      | Huge Dmg: 13 Dmg
  4465 | D:3      | Noticed Jessica
  4467 | D:3      | Killed Jessica
  4475 | D:3      | Reached skill level 3 in Shields
  4480 | D:3      | Identified Jessica's Disquisition on Self-Improvement
  4697 | D:4      | Found an iron altar of Okawaru.
  4698 | D:4      | Found an ancient bone altar of Kikubaaqudgha.
  4764 | D:4      | Noticed an ogre
  4778 | D:4      | Killed an ogre
  4778 | D:4      | Reached skill level 4 in Armour
  4778 | D:4      | Reached XP level 7. HP: 62/62 MP: 10/10
  4979 | D:3      | Huge Dmg: 18 Dmg
  4981 | D:3      | Huge Dmg: 19 Dmg
  4983 | D:3      | Killed an orc warrior
  5759 | D:5      | Reached skill level 4 in Shields
  5899 | D:5      | Found a staircase to the Ecumenical Temple.
  5955 | D:5      | Reached skill level 5 in Armour
  5968 | Temple   | Entered the Ecumenical Temple
  6259 | D:5      | Noticed an ice beast
  6275 | D:5      | Huge Dmg: 13 Dmg
  6278 | D:5      | Huge Dmg: 17 Dmg
  6279 | D:5      | Huge Dmg: 16 Dmg
  6281 | D:5      | HP: 3/62 [ice beast (12)]
  6282 | D:5      | Huge Dmg: 13 Dmg
  6611 | D:4      | Huge Dmg: 14 Dmg
  6617 | D:4      | Killed an ice beast
  6617 | D:4      | Reached XP level 8. HP: 54/69 MP: 11/11
  6830 | D:5      | Huge Dmg: 21 Dmg
  6831 | D:5      | Huge Dmg: 17 Dmg
  6832 | D:5      | Huge Dmg: 13 Dmg
  7265 | D:6      | Reached skill level 5 in Shields
  7442 | D:6      | Found Iwagaim's Book Emporium.
  7447 | D:6      | Found Wuakest's Magic Scroll Shop.
  7454 | D:6      | Bought a scroll of noise for 14 gold pieces
  7454 | D:6      | Bought a scroll of fear for 49 gold pieces
  7454 | D:6      | Bought a scroll of identify for 28 gold pieces
  7454 | D:6      | Bought a scroll of identify for 28 gold pieces
  7454 | D:6      | Bought a scroll of fog for 28 gold pieces
  7454 | D:6      | Bought a scroll of identify for 28 gold pieces
  7475 | D:6      | Found Erghuim's Distillery.
  7484 | D:6      | Bought a potion of curing for 42 gold pieces
  7484 | D:6      | Bought a potion of curing for 42 gold pieces
  7484 | D:6      | Found a snail-covered altar of Cheibriados.
  7490 | D:6      | Became a worshipper of Cheibriados the Contemplative
  7660 | D:6      | Huge Dmg: 14 Dmg
  7679 | D:6      | Reached skill level 6 in Armour
  7835 | D:6      | Huge Dmg: 14 Dmg
  7985 | D:6      | Found a bloodstained altar of Trog.
  8060 | D:6      | Reached skill level 1 in Stealth
  8153 | D:6      | Reached skill level 3 in Stealth
  8568 | D:6      | Reached skill level 4 in Fighting
  8595 | D:6      | Acquired Cheibriados's first power
  8595 | D:6      | Reached skill level 4 in Stealth
  8595 | D:6      | Reached XP level 9. HP: 36/78 MP: 12/12
  9082 | D:6      | Found Vajinly's Weapon Shop.
  9189 | D:7      | Reached skill level 5 in Stealth
  9481 | D:7      | Reached skill level 5 in Fighting
  9487 | D:7      | Noticed oplop's ghost (experienced DrIE)
  9487 | D:7      | Reached skill level 6 in Stealth
  9755 | D:7      | Reached skill level 6 in Fighting
  9797 | D:7      | Huge Dmg: 7 Dmg
  9805 | D:7      | Huge Dmg: 12 Dmg
  9809 | D:7      | Huge Dmg: 4 Dmg
 10172 | D:7      | Reached skill level 7 in Fighting
 10280 | D:8      | Noticed Fluffy's ghost (experienced HOFi)
 10725 | D:7      | Huge Dmg: 12 Dmg
 10997 | D:7      | Reached skill level 8 in Fighting
 11068 | D:7      | Acquired Cheibriados's second power
 11503 | D:7      | Huge Dmg: 19 Dmg
 11515 | D:7      | Huge Dmg: 19 Dmg
 11516 | D:7      | Huge Dmg: 7 Dmg
 11518 | D:7      | Huge Dmg: 11 Dmg
 11940 | D:7      | Reached XP level 10. HP: 77/97 MP: 4/13
 11950 | D:7      | Reached skill level 4 in Translocations
 12149 | D:7      | Killed oplop's ghost
 12149 | D:7      | Reached skill level 5 in Translocations
 12401 | D:8      | Reached skill level 6 in Translocations
 12450 | D:8      | Acquired Cheibriados's third power
 12526 | D:8      | Found a radiant altar of Vehumet.
 12653 | D:9      | Huge Dmg: 27 Dmg
 12659 | D:10     | Entered Level 10 of the Dungeon
 12934 | D:9      | Reached skill level 7 in Translocations
 13257 | D:8      | Reached skill level 1 in Invocations
 13265 | D:8      | Reached skill level 2 in Invocations
 13303 | D:8      | Reached skill level 3 in Invocations
 13483 | D:9      | Acquired Cheibriados's fourth power
 13724 | D:3      | Reached skill level 4 in Invocations
 13849 | D:3      | Huge Dmg: 11 Dmg
 13852 | D:3      | Killed DEFE's ghost
 14349 | D:7      | Reached skill level 5 in Invocations
 14529 | D:7      | Huge Dmg: 15 Dmg
 15178 | D:8      | Huge Dmg: 20 Dmg
 15179 | D:8      | Huge Dmg: 32 Dmg
 15181 | D:9      | Huge Dmg: 12 Dmg
 15183 | D:9      | Huge Dmg: 5 Dmg
 15183 | D:9      | HP: 4/97 [centaur/arrow (10)]
 15184 | D:9      | Huge Dmg: 10 Dmg
 15511 | D:9      | Reached skill level 1 in Bows
 15800 | D:9      | Reached skill level 2 in Bows
 15800 | D:9      | Reached XP level 11. HP: 77/104 MP: 15/15
 16186 | D:10     | Noticed a hill giant
 16194 | D:10     | Huge Dmg: 33 Dmg
 16195 | D:10     | Huge Dmg: 14 Dmg
 16196 | D:10     | Huge Dmg: 13 Dmg
 16197 | D:10     | Huge Dmg: 20 Dmg
 16197 | D:10     | HP: 5/104 [hill giant/giant club (11)]
 16198 | D:10     | Huge Dmg: 10 Dmg
 16199 | D:10     | Killed a hill giant
 16199 | D:10     | Reached skill level 3 in Bows
 16199 | D:10     | Reached skill level 7 in Armour
 16718 | D:10     | Noticed an unseen horror
 16732 | D:10     | Killed an unseen horror
 16762 | D:10     | Huge Dmg: 11 Dmg
 16764 | D:10     | Reached skill level 4 in Bows
 17691 | D:10     | Reached skill level 8 in Armour
 17865 | D:10     | Reached skill level 5 in Bows
 18168 | D:10     | Found a staircase to the Orcish Mines.
 18195 | D:10     | Huge Dmg: 18 Dmg
 18465 | D:11     | Noticed a hill giant
 18467 | D:11     | Killed a hill giant
 18467 | D:11     | Reached skill level 6 in Invocations
 18472 | D:11     | Reached skill level 6 in Bows
 18575 | D:11     | Learned a level 3 spell: Portal Projectile
 18666 | D:11     | Noticed a hill giant
 18672 | D:11     | Killed a hill giant
 18782 | D:11     | Found a staircase to the Lair.
 18856 | D:11     | Reached XP level 12. HP: 98/112 MP: 16/16
 19317 | D:11     | Reached skill level 7 in Invocations
 19340 | D:11     | Reached skill level 9 in Armour
 19851 | D:11     | Reached skill level 7 in Bows
 20087 | D:11     | Huge Dmg: 20 Dmg
 20731 | D:12     | Huge Dmg: 21 Dmg
 20732 | D:12     | Huge Dmg: 15 Dmg
 21010 | D:11     | Huge Dmg: 9 Dmg
 21308 | Lair:1   | Entered Level 1 of the Lair of Beasts
 21356 | Lair:1   | Noticed a six-headed hydra
 21368 | Lair:1   | Killed a six-headed hydra
 21377 | Lair:1   | Reached skill level 8 in Invocations
 21508 | Lair:1   | Reached skill level 7 in Stealth
 21707 | Lair:1   | Got a crude robe
 22119 | Lair:1   | Noticed a five-headed hydra
 22127 | Lair:1   | Huge Dmg: 29 Dmg
 22130 | Lair:1   | Killed a five-headed hydra
 22475 | Lair:1   | Reached skill level 8 in Stealth
 22571 | Lair:1   | Noticed a fire dragon
 22682 | Lair:1   | Huge Dmg: 38 Dmg
 22685 | Lair:1   | Huge Dmg: 15 Dmg
 22687 | Lair:1   | Huge Dmg: 12 Dmg
 22874 | Lair:1   | Huge Dmg: 22 Dmg
 22877 | Lair:1   | Huge Dmg: 17 Dmg
 23177 | Lair:1   | Huge Dmg: 18 Dmg
 23178 | Lair:1   | Huge Dmg: 35 Dmg
 23963 | Lair:1   | Reached skill level 1 in Axes
 24235 | Lair:2   | Reached skill level 9 in Invocations
 24238 | Lair:2   | Reached skill level 2 in Axes
 24257 | Lair:2   | Reached skill level 9 in Stealth
 24533 | Lair:2   | Noticed a seven-headed hydra
 24544 | Lair:2   | Killed a seven-headed hydra
 24544 | Lair:2   | Reached skill level 10 in Armour
 24544 | Lair:2   | Gained mutation: You can use your snake-like lower body to constrict enemies. [Naga growth]
 24544 | Lair:2   | Reached XP level 13. HP: 101/118 MP: 9/19
 24655 | Lair:2   | Noticed a six-headed hydra
 24663 | Lair:2   | Huge Dmg: 24 Dmg
 24674 | Lair:1   | Huge Dmg: 21 Dmg
 24675 | Lair:1   | Killed a six-headed hydra
 24675 | Lair:1   | Reached skill level 3 in Axes
 25149 | Lair:2   | Noticed a four-headed hydra
 25160 | Lair:2   | Killed a four-headed hydra
 25163 | Lair:2   | Noticed Prince Ribbit
 25163 | Lair:2   | Huge Dmg: 26 Dmg
 25168 | Lair:2   | Reached skill level 10 in Stealth
 25539 | Lair:2   | Killed Prince Ribbit
 25539 | Lair:2   | Reached skill level 2 in Dodging
 25756 | Lair:2   | Reached skill level 11 in Stealth
 26109 | Lair:2   | Reached skill level 3 in Dodging
 26165 | Lair:3   | Found a frozen archway.
 26251 | IceCv    | Entered an ice cave
 26320 | IceCv    | Got a crystal great sword
 26576 | Lair:3   | Reached skill level 1 in Evocations
 26610 | Lair:3   | Found a shadowy altar of Dithmenos.
 26643 | Lair:3   | Found a staircase to the Shoals.
 26668 | Lair:3   | Huge Dmg: 28 Dmg
 26987 | Lair:3   | Reached skill level 2 in Evocations
 27144 | Lair:3   | Learned a level 2 spell: Repel Missiles
 27556 | Lair:3   | Huge Dmg: 28 Dmg
 27566 | Lair:3   | Huge Dmg: 18 Dmg
 27567 | Lair:3   | Huge Dmg: 19 Dmg
 28003 | Orc:1    | Entered Level 1 of the Orcish Mines
 28130 | Orc:1    | Noticed Erolcha
 28134 | Orc:1    | Killed Erolcha
 28134 | Orc:1    | Reached skill level 1 in Charms
 28134 | Orc:1    | Reached skill level 3 in Evocations
 28451 | Orc:2    | Reached skill level 2 in Charms
 28480 | Orc:1    | Found a roughly hewn altar of Beogh.
 28567 | Orc:2    | Found Haqoimy's General Store.
 28720 | Orc:2    | Reached skill level 4 in Dodging
 28734 | Orc:2    | Bought a scroll of enchant armour for 105 gold pieces
 28734 | Orc:2    | Bought a potion of curing for 42 gold pieces
 28734 | Orc:2    | Bought a scroll of teleportation for 42 gold pieces
 28837 | Orc:3    | Found Jucwom's Antique Weapon Boutique.
 28863 | Orc:3    | Bought a glowing hand crossbow for 112 gold pieces
 28863 | Orc:3    | Bought a runed glaive for 208 gold pieces
 28865 | Orc:3    | Identified the +7 great sword of Jopuis {flame, rPois} (You found it in an ice cave)
 28946 | Orc:3    | Found Jeurghuis's Antique Armour Shoppe.
 29089 | Orc:3    | Found Puycs's Book Emporium.
 29350 | Orc:2    | Reached skill level 4 in Evocations
 29350 | Orc:2    | Reached XP level 14. HP: 103/127 MP: 21/21
 29732 | Orc:4    | Entered Level 4 of the Orcish Mines
 29744 | Orc:4    | Reached skill level 3 in Charms
 29918 | Orc:4    | Huge Dmg: 33 Dmg
 29927 | Orc:4    | Huge Dmg: 23 Dmg
 29929 | Orc:4    | Reached skill level 5 in Evocations
 29932 | Orc:4    | Reached skill level 4 in Charms
 29936 | Orc:4    | Huge Dmg: 14 Dmg
 29937 | Orc:4    | Huge Dmg: 6 Dmg
 29937 | Orc:4    | HP: 5/127 [orc warrior/trident (15)]
 29938 | Orc:4    | Huge Dmg: 10 Dmg
 29939 | Orc:4    | Slain by an orc warrior

Vault maps used:
D:1:      zaba_arrival_water, hangedman_abyss_or_decor_lesser_grid,
          serial_bayou_pond_a
D:2:      ashenzari_altar_1, gammafunk_temple_overflow_elements
D:3:      first_bread, corner_web_ring, kennysheep_jessica_study
D:4:      gammafunk_temple_overflow_statue
D:5:      minmay_temple_entry_junction, minmay_misc_feat_tiny, minivault_14,
          kennysheep_generic_room_16
D:6:      overflow_temple_1_default, serial_shops, shop, shop,
          kennysheep_little_box, shop, bloody_trog
D:8:      lemuel_ice_spiral_2, vehumet_altar_wand_db
D:9:      the_bakery
D:10:     orc_0_dummy
D:11:     dpeg_lair_monsters
D:12:     grunt_dithmenos_smoke
Temple:   circular_temple_12
Lair:1:   dragon1_lemuel, grunt_forest_large_clearings, grunt_megastairs_3
Lair:2:   st_stairs_6, hibernation_bobbens, uniq_prince_ribbit2
Lair:3:   minmay_shoals_entry_centaurs, basic_altar, special_room,
          portal_ice_cave_entry_ice_beasts
Orc:1:    basic_altar, uniq_erolcha
Orc:2:    serial_shops, shop
Orc:3:    serial_shops, nicolae_shop_crystal, shop, nicolae_shop_behind_doors,
          nicolae_orc_pool_cavern
Orc:4:    st_orc_elflike
IceCv:    ice_cave_statue_garden_02

Action                   |  1- 3 |  4- 6 |  7- 9 | 10-12 | 13-15 || total
-------------------------+-------+-------+-------+-------+-------++-------
Melee: Falchion          |    99 |   187 |  1013 |       |       ||  1299
       Rapier            |       |    30 |       |       |       ||    30
       Hand axe          |       |       |    28 |   102 |       ||   130
       Morningstar       |       |       |     6 |   199 |       ||   205
       Battleaxe         |       |       |       |   594 |   265 ||   859
       Great sword       |       |       |       |       |    99 ||    99
 Fire: Shortbow          |       |       |       |   269 |   128 ||   397
 Cast: Apportation       |       |       |     4 |     2 |       ||     6
       Blink             |       |       |       |     3 |     2 ||     5
       Portal Projectile |       |       |       |    18 |     8 ||    26
Invok: Bend Time         |       |       |     1 |     1 |       ||     2
       Slouch            |       |       |       |    14 |     9 ||    23
 Abil: Spit Poison       |     4 |    35 |    69 |    15 |     1 ||   124
       Evoke Teleportati |       |       |       |       |     6 ||     6
Evoke: Wand              |       |       |       |     3 |       ||     3
  Use: Potion            |       |     4 |     3 |     3 |     2 ||    12
       Scroll            |       |     8 |    10 |     8 |     4 ||    30
 Stab: Sleeping          |       |       |       |       |    17 ||    17
       Distracted        |       |       |       |       |     3 ||     3
  Eat: Chunk             |     2 |    10 |    14 |    27 |     7 ||    60
       Fruit             |       |       |     6 |     6 |       ||    12
       Pizza             |       |       |     1 |     1 |       ||     2
       Beef jerky        |       |       |       |     2 |     1 ||     3

Vault maps used:
D:1:      zaba_arrival_water, hangedman_abyss_or_decor_lesser_grid,
          serial_bayou_pond_a
D:2:      ashenzari_altar_1, gammafunk_temple_overflow_elements
D:3:      first_bread, corner_web_ring, kennysheep_jessica_study
D:4:      gammafunk_temple_overflow_statue
D:5:      minmay_temple_entry_junction, minmay_misc_feat_tiny, minivault_14,
          kennysheep_generic_room_16
D:6:      overflow_temple_1_default, serial_shops, shop, shop,
          kennysheep_little_box, shop, bloody_trog
D:8:      lemuel_ice_spiral_2, vehumet_altar_wand_db
D:9:      the_bakery
D:10:     orc_0_dummy
D:11:     dpeg_lair_monsters
D:12:     grunt_dithmenos_smoke
Temple:   circular_temple_12
Lair:1:   dragon1_lemuel, grunt_forest_large_clearings, grunt_megastairs_3
Lair:2:   st_stairs_6, hibernation_bobbens, uniq_prince_ribbit2
Lair:3:   minmay_shoals_entry_centaurs, basic_altar, special_room,
          portal_ice_cave_entry_ice_beasts
Orc:1:    basic_altar, uniq_erolcha
Orc:2:    serial_shops, shop
Orc:3:    serial_shops, nicolae_shop_crystal, shop, nicolae_shop_behind_doors,
          nicolae_orc_pool_cavern
Orc:4:    st_orc_elflike
IceCv:    ice_cave_statue_garden_02
